Cogmind - Beta 11 X8 @@@ ROGUE MODE // 2021.11.27 @ 18:23:02 Player: Runia Result: Destroyed by G-47 Trooper with Particle Gun Performance ------------- Evolutions (2) 1000 Regions Visited (5) 1000 Robots Destroyed (99) 495 Value Destroyed (2934) 2934 Prototype IDs (28) 560 Alien Tech Used (0) 0 Bonus (703) 703 TOTAL SCORE: 6692 Bonus ------- High Alert Combat Kills 450 Follower Combat Kills 21 Aligned with FarCom 300 Friendly Fire -68 Cogmind --------- Core Integrity 0/550 Matter 136/300 Energy 54/100 System Corruption 0% Temperature Warm (152) Movement Core (850) Ox16 Location -8/Materials Parts ------- > --- POWER (1) -------- (None) > --- PROPULSION (3) --- (None) > --- UTILITY (4) ------ High-capacity Storage Unit Advanced Visual Processing Unit Hardened Medium Armor Plating > --- WEAPON (3) ------- Heavy Assault Rifle > --- INVENTORY (20) --- Improved Deuterium Engine Light Treads Armored Treads Improved Carbon-fiber Leg Improved Carbon-fiber Leg Improved Carbon-fiber Leg Improved Carbon-fiber Leg Advanced Heat Sink Improved Cooling System High-capacity Matter Pod (200) Experimental Sensor Array Improved Signal Interpreter Improved Terrain Scan Processor System Shield Chainsword Chainsword Peak State ------------ > --- POWER ------------ Improved Deuterium Engine > --- PROPULSION ------- Light Treads Armored Treads Armored Treads > --- UTILITY ---------- Advanced Heat Sink High-capacity Storage Unit Advanced Visual Processing Unit Hardened Medium Armor Plating > --- WEAPON ----------- Light Assault Rifle Gauss Rifle Katana > --- INVENTORY -------- Improved Deuterium Engine Light Treads Light Treads Improved Carbon-fiber Leg Armored Wheel Improved Heat Sink Improved Heat Sink Improved Cooling System High-capacity Matter Pod Trap Scanner Experimental Sensor Array Improved Signal Interpreter Improved Terrain Scan Processor Transmission Jammer System Shield Grenade Launcher Grenade Launcher Mini Grenade Launcher [Rating: 36] Favorites ----------- Power Ion Engine Engine Ion Engine Power Core Nuclear Core Propulsion Light Treads Treads Light Treads Leg Aluminum Leg Wheel Armored Wheel Hover Unit Aerolev Unit Utility Advanced Visual Processing Unit Device Transmission Jammer Storage High-capacity Storage Unit Processor Advanced Visual Processing Unit Protection Hardened Light Armor Plating Weapon Light Assault Rifle Energy Gun Beam Rifle Ballistic Gun Light Assault Rifle Launcher Grenade Launcher Slashing Weapon Katana Build | -11 -10 -10 -10 -9 -8 ------- Run | Scr Mat Min Exi Min Mat Slots Evolved 4 | . . . . . 4 Power . | . . . . . . Propulsion 1 | . . . . . 1 Utility 2 | . . . . . 2 Weapon 1 | . . . . . 1 Parts Attached 99 | . 7 2 1 6 83 Power 7 | . . . . 1 6 Engine 6 | . . . . 1 5 Core 1 | . . . . . 1 Reactor . | . . . . . . Propulsion 24 | . 2 . . 1 21 Treads 22 | . 2 . . 1 19 Leg . | . . . . . . Wheel 1 | . . . . . 1 Hover 1 | . . . . . 1 Flight . | . . . . . . Utility 23 | . 1 . . . 22 Device 3 | . . . . . 3 Storage 3 | . 1 . . . 2 Processor 2 | . . . . . 2 Hackware . | . . . . . . Protection 15 | . . . . . 15 Artifact . | . . . . . . Weapon 45 | . 4 2 1 4 34 Energy Gun 3 | . . . . . 3 Energy Cannon . | . . . . . . Ballistic Gun 30 | . 2 1 . 3 24 Ballistic Cannon . | . . . . . . Launcher 11 | . 2 1 1 1 6 Special Weapon . | . . . . . . Impact Weapon . | . . . . . . Slashing Weapon 1 | . . . . . 1 Piercing Weapon . | . . . . . . Special Melee Weapon . | . . . . . . Unidentified Prototypes 2 | . . . . . 2 Parts Lost 28 | . . . . 1 27 Power 2 | . . . . . 2 Propulsion 6 | . . . . . 6 Utility 5 | . . . . . 5 Weapon 15 | . . . . 1 14 Highest Loss Streak 11 | . . . . 1 11 Average Slot Usage (%) 93 | . 85 85 85 84 98 Engine 9 | . 14 14 14 14 7 Core 1 | . . . . . 1 Treads 27 | . 28 28 28 28 26 Device 3 | . . . . . 5 Storage 10 | . 14 14 14 14 9 Processor 6 | . . . . . 10 Protection 7 | . . . . . 11 Ballistic Gun 22 | . 27 17 26 26 21 Launcher 1 | . . 10 1 . . Slashing Weapon 1 | . . . . . 3 Naked Turns . | . . . . . . Heaviest Build 68 | 12 27 29 29 28 68 Greatest Support 60 | 20 40 40 40 40 60 Greatest Overweight (x) 5 | . . . . . 5 Average Overweight (x) . | . . . . . . Largest Inventory Capacity 20 | . 15 15 15 15 20 Average Capacity 17 | . 12 15 15 15 18 Most Carried 20 | . 7 9 12 9 20 Average Carried 14 | . 5 8 8 8 17 Final Capacity 20 | 8 15 15 15 15 20 Final Carried 16 | 6 7 8 8 9 16 Class Distribution -------------------- 35% | Mutant 26% | Scavenger-Tank 22% | Scavenger-Mutant 8% | Scavenger-Gunner 6% | Tank Dominant Class ---------------- Mutant | -10/Materials Mutant | -10/Mines Mutant | -10/Exiles Mutant | -9/Mines Scavenger-Tank | -8/Materials Resources | -11 -10 -10 -10 -9 -8 ----------- Run | Scr Mat Min Exi Min Mat Matter Collected 2970 | 200 368 70 12 145 2175 Remotely . | . . . . . . Salvage Created 3925 | . 320 35 . 167 3403 Parts 231 | . 18 8 . 11 194 Haulers Intercepted 8 | . 2 . . . 6 Recyclers Shooed 4 | . . . . . 4 Parts Field Recycled . | . . . . . . Retrieved Matter . | . . . . . . Parts Self-Destructed . | . . . . . . Prevented . | . . . . . . Kills | -11 -10 -10 -10 -9 -8 ------- Run | Scr Mat Min Exi Min Mat Combat Hostiles Destroyed 66 | . 3 3 . 5 55 Melee 5 | . . . . . 5 Guns 45 | . 2 . . 2 41 AOE 16 | . 1 3 . 3 9 Classes Destroyed 15 | . 5 2 . . 8 Worker 4 | . . . . . 4 Builder 3 | . . . . . 3 Tunneler 2 | . . 1 . . 1 Hauler 8 | . 2 . . . 6 Recycler 7 | . 1 . . 1 5 Operator 4 | . 2 . . . 2 Watcher 6 | . 1 . . . 5 Swarmer 12 | . . 3 . 3 6 Cutter 2 | . . . . . 2 Grunt 29 | . 3 . . 2 24 Duelist 1 | . . . . . 1 Protector 1 | . . . . . 1 Sentry 11 | . . . . . 11 Specialist 8 | . . . . . 8 Hunter 2 | . . . . . 2 Best Kill Streak 5 | . 2 3 . 3 5 Combat Bots Only 4 | . 2 3 . 3 4 Max Kills in Single Turn 2 | . 1 2 . 1 2 Gunslinging . | . . . . . . Exploded 2 | . 1 2 . 1 2 Melee 1 | . . . . . 1 Uniques/NPCs Destroyed . | . . . . . . Combat | -11 -10 -10 -10 -9 -8 -------- Run | Scr Mat Min Exi Min Mat Damage Taken 5821 | . 234 39 27 143 5378 Core 593 | . 14 . . 22 557 Absorbed by Shields . | . . . . . . Core Remaining (%) 92 | 100 . . . 85 . Volleys Fired 297 | . 44 4 1 15 233 Largest 3 | . 2 2 1 2 3 Hottest 106 | . 40 40 30 40 106 Shots Fired 736 | . 83 5 1 25 622 Gun 707 | . 78 2 . 20 607 Cannon . | . . . . . . Launcher 29 | . 5 3 1 5 15 Special . | . . . . . . Kinetic 705 | . 78 2 . 20 605 Thermal 2 | . . . . . 2 Explosive 29 | . 5 3 1 5 15 Electromagnetic . | . . . . . . Robot Hit Streak 17 | . 8 3 . 7 17 Robot Miss Streak 6 | . 5 . . 2 6 Penetration Max 1 | . . . . . 1 Secondary Targets 2 | . . . . . 2 Max Gunslinging Chain 1 | . . . . . 1 Shots Hit Robots 481 | . 53 3 . 14 411 Core Hits 219 | . 22 5 . 12 180 Critical Kills 2 | . . . . . 2 Critical Parts Destroyed 3 | . . . . . 3 Critical Strikes 7 | . . . . . 7 Burn 1 | . . . . . 1 Destroy 5 | . . . . . 5 Sever 1 | . . . . . 1 Melee Attacks 25 | . . . . . 25 Impact . | . . . . . . Slashing 25 | . . . . . 25 Piercing . | . . . . . . Sneak Attacks 2 | . . . . . 2 Combat Hostiles . | . . . . . . Follow-up Attacks . | . . . . . . Damage Inflicted 8065 | . 581 205 . 244 7035 Guns 5594 | . 418 14 . 102 5060 Cannons . | . . . . . . Explosions 1843 | . 163 191 . 142 1347 Melee 612 | . . . . . 612 Ramming 16 | . . . . . 16 Kinetic 5580 | . 418 14 . 102 5046 Thermal 14 | . . . . . 14 Explosive 1843 | . 163 191 . 142 1347 Electromagnetic . | . . . . . . Impact . | . . . . . . Slashing 612 | . . . . . 612 Piercing . | . . . . . . Highest Corruption . | . . . . . . Average Corruption . | . . . . . . Corruption Purged . | . . . . . . Overload Shots . | . . . . . . Overflow Damage 102 | . . . . . 102 Projectiles . | . . . . . . Explosions 35 | . . . . . 35 Melee 67 | . . . . . 67 Knockbacks . | . . . . . . Impact . | . . . . . . Kinetic . | . . . . . . Secondary . | . . . . . . Self-Inflicted Damage 204 | . 12 39 . 75 78 Shots 8 | . 1 1 . 3 3 Rammed 3 | . . . . . 3 Targets Rammed 3 | . . . . . 3 Kicked . | . . . . . . Crushed . | . . . . . . Highest Temperature 267 | . 18 . . 6 267 Average Temperature 53 | . 9 . . 6 55 Received Heat Transfer 1923 | . 120 . . 12 1791 Siege Activations . | . . . . . . Robots Corrupted . | . . . . . . Combat Hostiles . | . . . . . . Parts Fried . | . . . . . . Impact Corruptions . | . . . . . . Robots Melted . | . . . . . . Combat Hostiles . | . . . . . . Parts Melted . | . . . . . . Heat Transferred 111 | . . . . . 111 Parts Sabotaged . | . . . . . . Parts Stolen . | . . . . . . Parts Stripped . | . . . . . . Power Chain Reactions . | . . . . . . Missiles Intercepted . | . . . . . . Alert | -11 -10 -10 -10 -9 -8 ------- Run | Scr Mat Min Exi Min Mat Peak Influence 861 | . 131 180 . 145 861 Initial 18 | . . 18 . . . Average 365 | . 31 61 . 59 506 Maximum Alert Level 3 | . . . . . 3 Low Security (%) 38 | . 100 100 . 100 10 Level 1 19 | . . . . . 28 Level 2 18 | . . . . . 26 Level 3 23 | . . . . . 34 Level 4 . | . . . . . . Level 5 . | . . . . . . High Security . | . . . . . . Max Security . | . . . . . . Squads Dispatched 20 | . 2 . . 1 17 Investigation 3 | . . . . . 3 Extermination . | . . . . . . Reinforcement 13 | . 2 . . 1 10 Assault 1 | . . . . . 1 Garrison 3 | . . . . . 3 Intercept . | . . . . . . Construction Impeded 2 | . . . . 1 1 Haulers Reinforced . | . . . . . . Active Scanning Responses . | . . . . . . Cargo Convoy Interrupts . | . . . . . . Stealth | -11 -10 -10 -10 -9 -8 --------- Run | Scr Mat Min Exi Min Mat Distress Signals 6 | . 1 . . . 5 Communications Jammed . | . . . . . . Distress Signals . | . . . . . . Times Spotted 122 | . 9 5 2 6 100 Peak Tracking Total 9 | . 3 1 9 3 6 Tactical Retreats 6 | . 1 . . 2 3 Traps | -11 -10 -10 -10 -9 -8 ------- Run | Scr Mat Min Exi Min Mat Traps Triggered . | . . . . . . Indirectly . | . . . . . . Trap Hack Attempts . | . . . . . . Triggered . | . . . . . . Disarmed . | . . . . . . Reprogrammed . | . . . . . . Reused . | . . . . . . Traps Extracted . | . . . . . . Installed . | . . . . . . Triggered . | . . . . . . Machines | -11 -10 -10 -10 -9 -8 ---------- Run | Scr Mat Min Exi Min Mat Machines Disabled 5 | . . . 1 . 4 Max in Single Turn 1 | . . . 1 . 1 Garrison Access 1 | . . . . . 1 Machines Sabotaged . | . . . . . . Garrisons Compromised . | . . . . . . Overloaded Fab Kills . | . . . . . . Hacking | -11 -10 -10 -10 -9 -8 --------- Run | Scr Mat Min Exi Min Mat Machines Accessed 18 | . 2 . 2 . 14 Terminals 11 | . 2 . . . 9 Fabricators . | . . . . . . Repair Stations 1 | . . . . . 1 Recycling Units 2 | . . . . . 2 Scanalyzers 1 | . . . . . 1 Garrison Access 1 | . . . . . 1 Total Hacks 53 | . 9 . 2 . 42 Successful 29 | . 6 . 2 . 21 Failed 24 | . 3 . . . 21 Catastrophic 4 | . . . . . 4 Database Lockouts . | . . . . . . Manual 15 | . 3 . 1 . 11 Terminals 35 | . 9 . . . 26 Fabricators . | . . . . . . Repair Stations 2 | . . . . . 2 Recycling Units 4 | . . . . . 4 Scanalyzers 8 | . . . . . 8 Garrison Access 2 | . . . . . 2 Terminal Hacks 18 | . 5 . 2 . 11 Record 1 | . . . 1 . . Part Schematic 1 | . 1 . . . . Robot Analysis 1 | . . . . . 1 Prototype ID Bank 1 | . 1 . . . . Branch Access Points 1 | . 1 . . . . Terminal Index 1 | . . . . . 1 Alert Level 2 | . . . . . 2 Unreport Threat 2 | . . . . . 2 Locate Traps 5 | . 1 . . . 4 Hauler Manifests 1 | . 1 . . . . Zone Layout 1 | . . . . . 1 EX-Prototype ID Bank 1 | . . . 1 . . Fabricator Hacks . | . . . . . . Repair Station Hacks 2 | . . . . . 2 Scan Component 1 | . . . . . 1 Repair 1 | . . . . . 1 Recycling Unit Hacks 1 | . . . . . 1 Retrieve Matter 1 | . . . . . 1 Scanalyzer 4 | . . . . . 4 Insert Component 2 | . . . . . 2 Analyze 2 | . . . . . 2 Garrison Access Hacks 1 | . . . . . 1 Seal Access 1 | . . . . . 1 Unauthorized Hacks 3 | . 1 . . . 2 Terminals 1 | . 1 . . . . Operators 1 | . 1 . . . . Fabricators . | . . . . . . Repair Stations . | . . . . . . Recycling Units 2 | . . . . . 2 Tunnel 2 | . . . . . 2 Scanalyzers . | . . . . . . Garrison Access . | . . . . . . Data Cores Recovered 1 | . . . . . 1 Used . | . . . . . . Hacking Detections 11 | . 2 . . . 9 Full Trace Events 1 | . . . . . 1 Feedback Events . | . . . . . . Feedback Blocked . | . . . . . . Robot Schematics Acquired . | . . . . . . Robots Built . | . . . . . . Authchips . | . . . . . . Time . | . . . . . . Total Robot Build Rating . | . . . . . . Part Schematics Acquired 2 | . 1 . . . 1 Parts Built . | . . . . . . Authchips . | . . . . . . Time . | . . . . . . Total Part Build Rating . | . . . . . . Parts Repaired 1 | . . . . . 1 Time 38 | . . . . . 38 Parts Recycled . | . . . . . . Recycled Matter . | . . . . . . Retrieved Matter 184 | . . . . . 184 Retrieved Components . | . . . . . . Parts Scanalyzed 2 | . . . . . 2 Part Schematics Acquired 1 | . . . . . 1 Parts Damaged . | . . . . . . Bothacking | -11 -10 -10 -10 -9 -8 ------------ Run | Scr Mat Min Exi Min Mat Used RIF Installer . | . . . . . . Robots Hacked . | . . . . . . Non-combat . | . . . . . . Combat . | . . . . . . Robot Hacks Applied . | . . . . . . Relay Couplers Released . | . . . . . . Fabnet Peak Effective % . | . . . . . . Robots Rewired . | . . . . . . Allies Hacked . | . . . . . . Hacks Repelled . | . . . . . . Allies | -11 -10 -10 -10 -9 -8 -------- Run | Scr Mat Min Exi Min Mat Total Allies 4 | . . 4 . . . Largest Group 4 | . . 4 4 . . Highest-Rated Group 71 | . . 71 71 . . Highest-Rated Ally 31 | . . 31 31 . . Total Orders . | . . . . . . Ally Attacks 12 | . . 7 5 . . Total Damage 108 | . . 81 27 . . Kills 4 | . . 3 1 . . Allies Corrupted . | . . . . . . Allies Melted . | . . . . . . Intel | -11 -10 -10 -10 -9 -8 ------- Run | Scr Mat Min Exi Min Mat Robot Analysis Total 1 | . . . . . 1 Derelict Logs Recovered 2 | . . 1 . 1 . Drone Launches . | . . . . . . Drone Recoveries . | . . . . . . Exploration | -11 -10 -10 -10 -9 -8 ------------- Run | Scr Mat Min Exi Min Mat Turns Passed 7540 | . 664 855 471 668 4882 Spaces Moved 3235 | 1 326 522 292 384 1710 Core . | . . . . . . Treads 3230 | . 326 522 292 384 1706 Legs 1 | 1 . . . . . Wheels 4 | . . . . . 4 Hover . | . . . . . . Flight . | . . . . . . Fastest Speed 120 | 120 160 160 160 160 160 Average Speed 192 | 120 160 160 160 160 220 Slowest Speed 246 | 120 160 160 160 160 246 Overloaded Moves . | . . . . . . Propulsion Burnouts . | . . . . . . Robots Hopped . | . . . . . . Cave-ins Triggered . | . . . . . . Exploration Rate (%) 65 | 2 53 99 69 79 90 Regions Visited 5 Branch Regions 3 Pre-discovered Areas 3 | . . . 1 . 2 Known Exits Taken 1 | . 1 . . . . Unknown Exits Taken 4 | 1 . 1 1 1 . Scrap Searched 3 | . . 1 . 2 . Spaces Dug 8 | . 7 . . . 1 Terrain Destroyed 173 | . 12 24 7 34 96 Melee 1 | . . . . . 1 Projectile 2 | . . . . . 2 AOE 170 | . 12 24 7 34 93 Terrain Rammed . | . . . . . . Walls Destroyed . | . . . . . . Machines Disabled . | . . . . . . Actions | -11 -10 -10 -10 -9 -8 --------- Run | Scr Mat Min Exi Min Mat Total 3982 | . 402 537 295 415 2333 Wait 229 | . 14 7 . 5 203 Move 3230 | . 325 521 291 383 1710 Hop . | . . . . . . Pick Up 47 | . 6 2 1 4 34 Fast Attach 21 | . 1 . . . 20 Attach 23 | . 2 . . 1 20 Detach . | . . . . . . Swap 55 | . 4 2 1 5 43 Drop 52 | . 6 1 1 2 42 Fire 297 | . 44 4 1 15 233 Melee 25 | . . . . . 25 Ram . | . . . . . . Kick . | . . . . . . Crush 3 | . . . . . 3 Escape Stasis . | . . . . . . Rewire . | . . . . . . Trap . | . . . . . . Miscellaneous . | . . . . . . Route ------- -11/Scrapyard -10/Materials (discovered 3 exits: [*Mat] / *Min x2) -10/Mines (discovered 3 exits: [*Mat x2] / *Exi) -10/Exiles -9/Mines (discovered 2 exits: *Mat x2) -8/Materials (discovered 3 exits: *Fac x3) History --------- Turn | Location | Event 1 | -11/Scrapyard | Discovered new exit (range 0) 1 | -11/Scrapyard | Entered Materials 9 | -10/Materials | Identified exit to Mines 307 | -10/Materials | Build established: Mutant 443 | -10/Materials | Discovered new exit (range 16) 665 | -10/Materials | Entered Mines 677 | -10/Mines | Assisted by bots powering up and referring to "LRC-V3" 918 | -10/Mines | Discovered new exit (range 13) 1148 | -10/Mines | Discovered new exit (range 5) 1354 | -10/Mines | Deemed a non-threat by the Exiles lab entrance 1354 | -10/Mines | Discovered new exit (range 5) 1381 | -10/Mines | Received a Mining Laser from a helpful Derelict 1448 | -10/Mines | Learned location of 1 exit from Materials 1520 | -10/Mines | Entered Exiles 1520 | -10/Exiles | Accompanied by 4 allies 1560 | -10/Exiles | Met 8R-AWN 1596 | -10/Exiles | Met EX-HEX 1677 | -10/Exiles | Met EX-DEC 1704 | -10/Exiles | Learned location of Zion (-6) 1740 | -10/Exiles | Met EX-BIN 1759 | -10/Exiles | Aligned with FarCom system 1760 | -10/Exiles | Given EX-Vault access code 1800 | -10/Exiles | Opened EX-Vault 1813 | -10/Exiles | Found XL Autogun Array 1852 | -10/Exiles | Warned to stay clear of 0b10 Research branches 1953 | -10/Exiles | Attacked by the Exiles 1973 | -10/Exiles | Discovered new exit (range 11) 1991 | -10/Exiles | Entered Mines 2154 | -9/Mines | Discovered new exit (range 8) 2231 | -9/Mines | Learned 2 Materials zone layouts 2324 | -9/Mines | Discovered new exit (range 12) 2486 | -9/Mines | Assembled infested the area 2491 | -9/Mines | Assisted by a Guerilla fighting off Assembled 2535 | -9/Mines | Found a damaged Exp. Sensor Array with a note attached 2538 | -9/Mines | Found Prototype Device 2659 | -9/Mines | Entered Materials 2659 | -8/Materials | Evolved 4 slots: Propulsion x1, Utility x2, Weapon x1 2660 | -8/Materials | Identified exit to Factory 2885 | -8/Materials | Garrison activated, responded to threat 3002 | -8/Materials | Build established: Scavenger-Gunner 3108 | -8/Materials | Identified Exp. Sensor Array 3199 | -8/Materials | Lost 4 parts (1p1n2w) 3262 | -8/Materials | Discovered exit to Factory (range 8) 3696 | -8/Materials | Build established: Scavenger-Tank 5254 | -8/Materials | Discovered exit to Factory (range 8) 5459 | -8/Materials | First assault squad dispatched 5552 | -8/Materials | Lost 3 parts (1u2w) 5813 | -8/Materials | Build established: Scavenger-Mutant 5933 | -8/Materials | Core integrity fell below 50% 7397 | -8/Materials | Repaired Hrd. Medium Armor Plating 7503 | -8/Materials | Build established: Scavenger-Tank 7535 | -8/Materials | Core integrity fell below 20% 7541 | -8/Materials | Destroyed by G-47 Trooper with Particle Gun Last Messages --------------- 07531_ G-47 Trooper destroyed. 07531_ U-05 Engineer destroyed. 07531_ G-47 Trooper suffers critical hit (Blast). 07531_ G-47 Trooper knocked back. 07533_ Mni. Grenade Launcher destroyed. 07534_ The unstable cave ceiling collapses. 07534_ Penetrated by Slug. 07536_ Hrd. Medium Armor Plating destroyed. 07536_ Arm. Wheel destroyed. 07536_ Lgt. Treads destroyed. 07536_ Destroyed Lgt. Treads. 07537_ Imp. Deuterium Engine destroyed. 07538_ Grenade Launcher destroyed. 07538_ Transmission Jammer destroyed. 07539_ The unstable cave ceiling collapses. 07539_ Grenade Launcher destroyed. 07540_ The unstable cave ceiling collapses. 07540_ Penetrated by Slug. 07541_ The unstable cave ceiling collapses. 07541_ Critical hit (Burn: +37). Map ----- +----------------------------------------------------+ | " " " # ######### #????????????????# ###### | | # # # #????????????????# | | ####### # """# #????????????????# | | ## + """# #????????????????# | | ! ## # """# #????????????????####+### | | ## # # #?????????????????? # | | ## ######### #???????????????? """ # | | +#+### ##########+##??????????????# """ # | | ??????????# """ # | | % ??????????# # | | ??????????# """ # | | #### ############## ????????????# """ # | | ############# ##????????????????????# """ # | | # % " #######????????##????# ?? # | | + "#" / ??????? ############ | | # T#T ! #######??????? ^ | | # "#" ###########??? | | #! # """ ## #??????""" | | # #! """ ## """ #??????"R ^ | | # # """ ## """ #??????""" ^ | | #| # ## """ #???? ^ """ """ | | # ##+##+###### +???? """ """ " | | ####### # # ! " ##??# """ """ " | | #?????# # # " #??# * | | #?????# ###### + " #### ! | | # #?????# #????# # % @ ## ############+ | | # #?????# #???## ## #= g #??# """""* | | # ####### ##### # # #??# ""T"" = | | #+# = %gg #??# | | # * Hg #??# = | | %+ #######+## # % # #??# *!*%= | | #= ## # ## # ! # < #??# * | | # ##/ ! #* / ## ##? #??#### ##### | | ##### # *! !!### #???###?????###???? | | #???# """ #**//!!#?## #####?????????????????? | | #???# """ ! ########???####????????????????????? | | #???# """ #??????????????????????????????????? | | ????# #??????????????????????????????????? | | ##????# """ #??????????????????????????????????? | | ??????# """ #??????????????????????????????????? | | ??????# """ #??????????????????????????????????? | | ??????# #??????????????????????????????????? | | ??????#########??????????????????????????????????? | | | | | | | | | | | | | | | +----------------------------------------------------+ Best States ------------- Heat Dissipation 50 Energy Generation 16 Energy Capacity 290 Matter Stores 300 Matter Capacity 300 Sight Range 20 Terrain Scan Density 10 Jamming Range 8 Armor Coverage 300 Evasion (%) 40 Armor Integrity Analysis 20 Recoil Reduction 3 Item Schematics ----------------- Hcp. Storage Unit | -10/Materials | Hacked Hrd. Medium Armor Plating | -8/Materials | Scanalyzed Robot Schematics ------------------ None Fabricated ------------ Nothing Alien Tech Used ----------------- None Achievements -------------- None Challenges ------------ None Game ------ Seed CompositeTractorMeganuke Manual? 0 Play Time 00:36:20 Cumulative 517.8 hours Start 2021.11.27 @ 17:47:03 End 2021.11.27 @ 18:23:02 Sessions 1 Manual Loads 0 Difficulty Rogue Special Mode None Game No. 505 Rogue 505 Adventurer 0 Explorer 0 Win Type - Total 14 Types 9/1/3/1/0/0/0/0/0 Lore% 83 Gallery% 94 Achievement% 73 Wizard Run 0 Options --------- ASCII 0 Keyboard 0 Movement Mouse Keybinds 1 Fullscreen 2 Font 24/Smallcaps Map View 76x50 Tactical HUD 1 Map Filters NONE Filters NONE Steam 1 RUN: 6f186aab-c676-42dd-ad77-3c6b3c1dd8cc